 Dungeon Crawl Stone Soup version 0.20.1-1-g8b1a95d (webtiles) character file.

80 Chisa the Cudgeler (level 4, -3/42 HPs)
             Began as a Troll Warper on Sept 6, 2017.
             Slain by an adder (4 damage)
             ... on level 4 of the Dungeon.
             The game lasted 00:06:51 (1813 turns).

Chisa the Cudgeler (Troll Warper)                   Turns: 1813, Time: 00:06:51

Health: -3/42      AC:  6    Str: 20    XL:     4   Next: 18%
Magic:  5/5        EV: 10    Int:  9    God:
Gold:   140        SH:  0    Dex:  9    Spells: 1/6 levels left

rFire    . . .     SeeInvis .   a - +0 mace
rCold    . . .     Gourm    +   (no shield)
rNeg     . . .     Faith    .   j - +1 robe {MR+}
rPois    .         Spirit   .   (helmet restricted)
rElec    .         Reflect  .   (no cloak)
rCorr    .         Harm     .   (gloves unavailable)
MR       +....                  (boots unavailable)
Stlth    +.........             (no amulet)
Regen    0.6/turn               (no ring)
MPRegen  0.1/turn               (no ring)

@: lethally poisoned (-3 -> -4)
A: unfitting armour, claws 3, fast metabolism 3, gourmand, regeneration 1,
shaggy fur 1, tough skin 2
a: no special abilities


You were on level 4 of the Dungeon.
You were completely stuffed.

You visited 1 branch of the dungeon, and saw 4 of its levels.

You collected 140 gold pieces.

Inventory:

Hand Weapons
 a - a +0 mace (weapon)
Missiles
 e - 5 tomahawks of dispersal (quivered)
 s - 3 poisoned tomahawks
Armour
 j - a +1 robe of magic resistance (worn)
Jewellery
 m - a cursed ring of resist corrosion {unknown}
 x - an uncursed ring of ice {unknown}
Scrolls
 b - a scroll of amnesia {unknown}
 d - a scroll of blinking
 g - 2 scrolls of immolation {unknown}
 l - 2 scrolls of remove curse
 n - a scroll of fog {unknown}
 p - a scroll of enchant armour {unknown}
 t - a scroll of teleportation {unknown}
 v - a scroll of enchant weapon {unknown}
 y - 2 scrolls of identify {unknown}
Potions
 k - a potion of degeneration {unknown}
 o - 2 potions of curing {unknown}
 q - 2 potions of heal wounds {unknown}
 u - 2 potions of haste {unknown}
 w - a potion of lignification {unknown}
 z - a potion of magic {unknown}
 A - a potion of agility {unknown}
Books
 c - a book of Spatial Translocations

   Spells                             Type                      Level
   a - Blink                          Translocation                2
   b - Shroud of Golubria             Charms/Translocation         2
   c - Lesser Beckoning               Translocation                3
   d - Gell's Gravitas                Translocation                3
   e - Teleport Other                 Translocation                3
   f - Passage of Golubria            Translocation                4
Comestibles
 f - 2 bread rations
 h - 4 chunks of flesh
 i - 3 meat rations
 r - 3 fruits


   Skills:
 + Level 1.7 Fighting
 * Level 2.9 Maces & Flails
 + Level 1.1 Throwing
 + Level 2.2 Dodging
 * Level 1.9 Spellcasting
 - Level 2.1 Translocations


You had one spell level left.
You knew the following spells:

 Your Spells              Type           Power        Failure   Level  Hunger
a - Blink                 Tloc           N/A          21%         2    ###....
b - Teleport Other        Tloc           #.......     38%         3    ####...


Dungeon Overview and Level Annotations

Branches:
Dungeon (4/15)
 Temple: D:4-7

Altars:


Innate Abilities, Weirdness & Mutations

You are too large for most types of armour.
You have claws for hands.
Your metabolism is lightning-fast.
You like to eat raw meat.
Your natural rate of healing is unusually fast.
You are covered in fur. (AC +1)
You have very tough skin. (AC +2)


Message History

The worker ant is heavily wounded.
The worker ant bites you but does no damage.
The scorpion barely misses you. The adder bites you. The worker ant bites you!
* * * LOW HITPOINT WARNING * * *
The scorpion stings you.
* * * LOW HITPOINT WARNING * * *
You are poisoned.
The scorpion poisons you!
You feel sick. The worker ant closely misses you.
The adder completely misses you. The scorpion closely misses you.
There are monsters nearby!
You feel sick. The scorpion stings you.
* * * LOW HITPOINT WARNING * * *
The worker ant bites you but does no damage.
The scorpion misses you. The adder bites you.
* * * LOW HITPOINT WARNING * * *
You are lethally poisoned!
The adder poisons you! The adder bites you.
You die...

## ... .. ...#..#
.? #.#...## ..
#......# .####
###...#.##.#...
###............##
................#
........@<.......
##.>..Sas.......
#..$...........
#..............
#..............
##............#
##........$.##
############


You could see a scorpion, a worker ant and an adder.

Vanquished Creatures
  2 adders (D:2)
  2 oozes
  2 dart slugs (D:2)
  2 leopard geckos (D:1)
  A ball python (D:3)
  6 bats
  4 giant cockroaches
  6 goblins
  4 hobgoblins
  2 jackals (D:2)
  3 frilled lizards
  5 kobolds
  7 rats
46 creatures vanquished.

Notes
Turn   | Place    | Note
-------+----------+-------------------------------------------
     0 | D:1      | Chisa the Troll Warper began the quest for the Orb.
     0 | D:1      | Reached XP level 1. HP: 19/19 MP: 1/1
   122 | D:1      | Reached XP level 2. HP: 28/28 MP: 3/3
   159 | D:1      | Reached skill level 1 in Throwing
   284 | D:1      | Learned a level 2 spell: Blink
   585 | D:2      | Reached XP level 3. HP: 30/35 MP: 4/4
  1140 | D:2      | Learned a level 3 spell: Teleport Other
  1610 | D:2      | Reached XP level 4. HP: 40/42 MP: 5/5
  1813 | D:4      | HP: 1/42 [adder (3)]
  1813 | D:4      | Slain by an adder

Skill      XL: |  1  2 |
---------------+-------+-----
Dodging        | 2 |  2.2
Maces & Flails | 2 |  2.9
Throwing       | 1 |  1.1
Fighting       | |  1.7
Spellcasting   | |  1.9
Translocations | |  2.1

Action                   |  1- 3 |  4- 6 || total
-------------------------+-------+-------++-------
Melee: Mace              |   182 |    22 ||   204
 Cast: Blink             |     4 |       ||     4
  Use: Scroll            |     3 |       ||     3
  Eat: Chunk             |    19 |     4 ||    23
Armor: Robe              |    87 |    15 ||   102
Dodge: Dodged            |    93 |    14 ||   107
Block: Shield            |    33 |       ||    33
